 Dungeon Crawl Stone Soup version 0.19.0-19-g8c6edcc (console) character file.

5211 kaiza the Cleaver (level 10, -8/70 HPs)
             Began as a Demonspawn Berserker on Nov 14, 2016.
             Was an Elder of Trog.
             Mangled by an eight-headed hydra (11 damage)
             ... on level 9 of the Dungeon.
             The game lasted 01:02:25 (11845 turns).

kaiza the Cleaver (Demonspawn Berserker)           Turns: 11845, Time: 01:02:26

Health: -8/70      AC: 11    Str: 17    XL:     10   Next: 35%
Magic:  19/19      EV: 12    Int:  7    God:    Trog [****..]
Gold:   561        SH:  0    Dex: 22    Spells: 0 memorised, 9 levels left

rFire  . . .     SeeInvis +     v - +6 hand axe of Floods {venom, MP+9}
rCold  + . .     Gourm    .     I - +1 leather armour of Kijatutty {rPois rC+ Int-2}
rNeg   . . .     Faith    .     (no shield)
rPois  +         Spirit   .     (helmet restricted)
rElec  .         Reflect  .     (no cloak)
rCorr  .         Harm     .     r - +0 pair of gloves
MR     ++...                    n - +0 pair of boots
Stlth  ++++......               y - amulet of regeneration
                                L - +5 ring of protection
                                o - ring of see invisible

@: exhausted, regenerating, slowed, very slow
A: horns 1, thin skeletal structure 3, demonic guardian 1, nightstalker 1
a: Berserk, Trog's Hand, Brothers in Arms, Burn Spellbooks, Renounce Religion


You were on level 9 of the Dungeon.
You worshipped Trog.
Trog was greatly pleased with you.
You were near starving.

You visited 2 branches of the dungeon, and saw 12 of its levels.

You collected 561 gold pieces.

Inventory:

Hand Weapons
 v - the +6 hand axe of Floods (weapon) {venom, MP+9}
   (You found it on level 6 of the Dungeon)

   It poisons the flesh of those it strikes.
   It affects your magic capacity (+9).
 K - a +2 whip of electrocution
 T - a +4 flail of freezing
Missiles
 e - 113 stones (quivered)
 M - 38 sling bullets
 Q - 2 throwing nets
Armour
 m - a +0 chain mail
 n - a +0 pair of boots (worn)
 r - a +0 pair of gloves (worn)
 s - a +1 leather armour of positive energy
 I - the +1 leather armour of Kijatutty (worn) {rPois rC+ Int-2}
   (You found it on level 9 of the Dungeon)

   It affects your intelligence (-2).
   It protects you from cold.
   It protects you from poison.
Jewellery
 o - a ring of see invisible (left hand)
 y - an amulet of regeneration (around neck)
 L - a +5 ring of protection (right hand)
Wands
 J - a wand of acid (0/15)
Scrolls
 b - 2 scrolls of teleportation {unknown}
 f - 2 scrolls of immolation {unknown}
 g - 2 scrolls of enchant weapon {unknown}
 h - 3 scrolls of random uselessness
 j - 3 scrolls of remove curse
 l - a scroll of amnesia {unknown}
 t - 2 scrolls of noise {unknown}
 u - a scroll of silence {unknown}
 B - a scroll of enchant armour {unknown}
 D - a scroll of fog {unknown}
 E - 2 scrolls of magic mapping
 F - 2 scrolls of fear {unknown}
 S - a scroll of summoning {unknown}
Potions
 a - a potion of lignification {unknown}
 d - 2 potions of berserk rage
 q - a potion of cancellation
 x - a potion of haste {unknown}
 z - 3 potions of agility
 A - a potion of cure mutation {unknown}
 C - 2 potions of brilliance
 H - a potion of degeneration {unknown}
 N - a potion of invisibility {unknown}
 O - 2 potions of resistance {unknown}
 P - a potion of flight {unknown}
Books
 p - Jessica's Handbook of Stolen Souls
   (You found it on level 2 of the Dungeon)

   Spells                             Type                      Level
   a - Animate Skeleton               Necromancy                   1
   b - Pain                           Necromancy                   1
   Trog disapproves of the use of such an item.
Comestibles
 c - 6 bread rations
 i - 3 meat rations
 w - a royal jelly
 R - 5 beef jerkies
 U - 4 chunks of flesh
 V - a slice of pizza


   Skills:
 - Level 3.0 Fighting
 + Level 10.2(11.8) Axes
 - Level 10.1(11.8) Maces & Flails
 - Level 1.7 Armour
 - Level 1.7 Dodging


You had 9 spell levels left.
You didn't know any spells.

Dungeon Overview and Level Annotations

Branches:
Dungeon (11/15)            Temple (1/1) D:7
   Lair: D:8-11         Orc: D:9-12

Altars:
Dithmenos
Hepliaklqana
Kikubaaqudgha
Makhleb
Nemelex Xobeh
Okawaru
Qazlal
Sif Muna
Uskayaw
The Shining One

Annotations:
D:6 Prince Ribbit


Innate Abilities, Weirdness & Mutations

You have a pair of small horns on your head.
You have an unnaturally thin skeletal structure. (Dex +6, Stealth++)
A weak demonic guardian rushes to your aid.
You are slightly more attuned to the shadows.


Message History

The brown very ugly thing barely misses your white imp.
Your black bear bites the eight-headed hydra!
Your black bear claws the eight-headed hydra. x2
Your white imp hits the brown very ugly thing but does no damage.
You feel the effects of Trog's Hand fading.
The brown very ugly thing headbutts your white imp.
Your white imp is splashed with acid.
Your white imp hits the brown very ugly thing.
Your white imp freezes the brown very ugly thing.
Your black bear bites the eight-headed hydra.
Your black bear claws the eight-headed hydra. x2
The eight-headed hydra closely misses you.
The eight-headed hydra bites you!
* * * LOW HITPOINT WARNING * * *
The eight-headed hydra bites you.
* * * LOW HITPOINT WARNING * * *
The eight-headed hydra barely misses you. x2
The eight-headed hydra closely misses you.
The eight-headed hydra bites you!
You die...

##'##u..P#,,,,,,,,,*,,,,#....
#.##'####****'********'##.##
#.##....#,,,,,,,,,*8,,,*#.#
######..#....#,,,,,,,,,*,,,,*#.#
........#...(#,,,,,,,,,*,,,,*#.#
.###....#....#,,,,,,,,,*,,,,*#.#
.#
##...#....######*****,,,,*#.##
.# ##..#....u....#,,,,+,,,,*#...
.# #..#....#5.h.#,,,,*,,,,*####
## #..#....#.⌠D.#,,,,*,,,,*
#..#....#..@.#,,,,*,,,8*
#.##########'#+********* #.#
#....#,,,,* #.# #....#,,,,* #.#
#....#,,,,* #.# #>...#,,,>* ###
#.# ########*### ##.## ######.##
#......# #.# ##...## ........##
#.###..# #.# #..#... ####.....#
#.# #..###.# ##...## ##...## #.#
#......# ##.##


You could see a brown very ugly thing, an eight-headed hydra, a friendly black
bear (berserk) and a friendly white imp.

Vanquished Creatures
  Pikel (D:7)
  Sigmund (D:6)
  A wyvern (D:5)
  The ghost of Mlkhall the Sneak, an amateur SpEn (D:4)
  A steam dragon (D:8)
  A soldier ant (D:10)
  Duvessa (D:4)
  An orc warrior (D:8)
  4 ice beasts
  4 ogres
  A black bear (D:8)
  2 phantoms (D:4)
  A centaur (D:6)
  4 bullfrogs
  Dowan (D:4)
  A water moccasin zombie (D:5)
  8 killer bees
  5 wights (D:9)
  2 howler monkeys
  2 bullfrog zombies
  A centaur zombie (D:9)
  5 orc priests
  8 hounds
  A centaur skeleton (D:6)
  A gnoll shaman (D:7)
  2 jellies (D:5)
  A bullfrog skeleton (D:8)
  Jessica (D:2)
  6 iguanas
  8 orc wizards
  9 worker ants
  A howler monkey zombie (D:8)
  7 adders
  13 gnolls
  A howler monkey skeleton (D:8)
  A shadow imp (D:6)
  An adder zombie (D:9)
  3 worms
  3 dart slugs
  4 leopard geckos
  25 orcs
  4 bats
  4 giant cockroaches
  4 goblins
  2 hobgoblins
  16 jackals
  5 quokkas
  7 frilled lizards
  A jackal skeleton (D:4)
  5 kobolds
  A quokka zombie (D:3)
  6 rats
200 creatures vanquished.

Vanquished Creatures (collateral kills)
  A centaur warrior (D:9)
  A necrophage (D:8)
  A killer bee (D:8)
  A leopard gecko (D:4)
  3 orcs
7 creatures vanquished.

Grand Total: 207 creatures vanquished

Notes
Turn   | Place    | Note
-------+----------+-------------------------------------------
     0 | D:1      | kaiza the Demonspawn Berserker began the quest for the Orb.
     0 | D:1      | Reached XP level 1. HP: 18/18 MP: 1/1
   110 | D:1      | Gained mutation: You have a somewhat thin skeletal structure. (Dex +2, Stealth) [demonic ancestry]
   110 | D:1      | Reached XP level 2. HP: 24/24 MP: 2/2
   704 | D:1      | Gained mutation: You have a moderately thin skeletal structure. (Dex +4, Stealth+) [demonic ancestry]
   704 | D:1      | Reached XP level 3. HP: 29/29 MP: 3/3
   897 | D:1      | Reached ** piety under Trog
  1383 | D:2      | Noticed Jessica
  1391 | D:2      | Killed Jessica
  1391 | D:2      | Gained mutation: A weak demonic guardian rushes to your aid. [demonic ancestry]
  1391 | D:2      | Reached XP level 4. HP: 35/35 MP: 4/4
  1431 | D:2      | Identified Jessica's Handbook of Stolen Souls
  1751 | D:2      | Found a sparkling altar of Nemelex Xobeh.
  2157 | D:2      | Reached skill level 5 in Maces & Flails
  2443 | D:3      | Reached XP level 5. HP: 31/41 MP: 5/5
  2613 | D:3      | Found a stormy altar of Qazlal.
  2659 | D:4      | Noticed Mlkhall's ghost (amateur SpEn)
  3478 | D:4      | Gained mutation: You have an unnaturally thin skeletal structure. (Dex +6, Stealth++) [demonic ancestry]
  3478 | D:4      | Reached XP level 6. HP: 40/47 MP: 6/6
  3601 | D:5      | Entered Level 5 of the Dungeon
  3911 | D:6      | Found a glowing golden altar of the Shining One.
  3911 | D:6      | Noticed an ice beast
  3921 | D:6      | Killed an ice beast
  4594 | D:5      | Noticed an ice beast
  4606 | D:5      | Killed an ice beast
  4606 | D:5      | Reached XP level 7. HP: 52/52 MP: 7/7
  4738 | D:5      | Noticed a wyvern
  4747 | D:5      | Killed a wyvern
  4970 | D:5      | Reached *** piety under Trog
  5739 | D:4      | Gained mutation: You are slightly more attuned to the shadows. [demonic ancestry]
  5739 | D:4      | Reached XP level 8. HP: 34/58 MP: 8/8
  5758 | D:4      | Killed Mlkhall's ghost
  6153 | D:4      | Noticed Duvessa
  6169 | D:4      | Killed Duvessa
  6169 | D:4      | Reached skill level 10 in Maces & Flails
  6170 | D:4      | Noticed Dowan
  6632 | D:6      | Found a burning altar of Makhleb.
  6637 | D:6      | Found an ancient bone altar of Kikubaaqudgha.
  6638 | D:6      | Got a dazzling hand axe
  6639 | D:6      | Identified the +6 hand axe of Floods {venom, MP+9} (You found it on level 6 of the Dungeon)
  6664 | D:6      | Reached skill level 1 in Axes
  6863 | D:6      | Found a shadowy altar of Dithmenos.
  7085 | D:6      | Noticed Sigmund
  7091 | D:6      | Killed Sigmund
  7327 | D:6      | Noticed Prince Ribbit
  7390 | D:4      | Found a hide-covered altar of Uskayaw.
  7390 | D:4      | Found a hazy altar of Hepliaklqana.
  7654 | D:4      | Killed Dowan
  7720 | D:4      | Gained mutation: You have a pair of small horns on your head. [demonic ancestry]
  7720 | D:4      | Reached XP level 9. HP: 63/63 MP: 9/9
  7971 | D:6      | You fall through a shaft!
  8483 | D:6      | Reached skill level 5 in Axes
  8632 | D:7      | Found a faded altar of an unknown god.
  8636 | D:7      | Found a faded altar of an unknown god.
  8638 | D:7      | Found a faded altar of an unknown god.
  8640 | D:7      | Found a faded altar of an unknown god.
  8644 | D:7      | Found a deep blue altar of Sif Muna.
  8776 | D:7      | Noticed Pikel
  8793 | D:7      | Killed Pikel
  9217 | D:7      | Found a staircase to the Ecumenical Temple.
  9252 | Temple   | Entered the Ecumenical Temple
  9448 | D:8      | Reached **** piety under Trog
  9913 | D:8      | Found an iron altar of Okawaru.
 10260 | D:8      | Reached XP level 10. HP: 48/70 MP: 10/10
 10978 | D:10     | Entered Level 10 of the Dungeon
 11175 | D:9      | Found an ancient bone altar of Kikubaaqudgha.
 11193 | D:9      | Got a polished leather armour
 11204 | D:9      | Identified the +1 leather armour of Kijatutty {rPois rC+ Int-2} (You found it on level 9 of the Dungeon)
 11802 | D:9      | Noticed a six-headed hydra
 11802 | D:9      | Noticed an eight-headed hydra
 11803 | D:9      | Noticed a brown very ugly thing
 11809 | D:9      | Noticed a centaur warrior
 11809 | D:9      | Noticed a wolf spider
 11834 | D:9      | HP: 3/105 [centaur warrior/arrow (9)]
 11844 | D:9      | Killed a centaur warrior
 11844 | D:9      | Reached skill level 10 in Axes
 11845 | D:9      | HP: 3/70 [eight-headed hydra (5)]
 11845 | D:9      | Mangled by an eight-headed hydra

Skill      XL: |  1  2  3  4  5  6  7  8  9 10 |
---------------+-------------------------------+-----
Maces & Flails | 3 4 5 6 7 9 10 | 10.1
Axes           | 4 9 10 | 10.2
Fighting       | |  3.0
Armour         | |  1.7
Dodging        | |  1.7

Action                   |  1- 3 |  4- 6 |  7- 9 | 10-12 || total
-------------------------+-------+-------+-------+-------++-------
Melee: Mace              |   117 |   232 |    15 |       ||   364
       Flail             |       |       |   153 |       ||   153
       Hand axe          |       |       |   191 |    85 ||   276
       Headbutt          |       |       |    47 |    23 ||    70
Throw: Stone             |    45 |    77 |   106 |    19 ||   247
Invok: Berserk           |     3 |     4 |    11 |     1 ||    19
       Trog's Hand       |     1 |     3 |     3 |     1 ||     8
       Brothers in Arms  |       |       |       |     1 ||     1
Evoke: Wand              |       |       |     3 |       ||     3
  Use: Scroll            |       |       |     7 |     3 ||    10
       Potion            |       |       |       |     4 ||     4
 Stab: Distracted        |       |       |     2 |     1 ||     3
  Eat: Chunk             |     4 |    15 |    26 |     3 ||    48
       Beef jerky        |       |       |     2 |     1 ||     3
       Pizza             |       |       |     1 |       ||     1
Armor: Animal skin       |     5 |       |       |       ||     5
       Leather armour    |     9 |       |       |    14 ||    23
       Chain mail        |    33 |   148 |   156 |    12 ||   349
Dodge: Dodged            |    79 |    80 |    98 |    35 ||   292
